 Dungeon Crawl Stone Soup version 0.19.1 (webtiles) character file.

795 stigmas the Insei (level 7, -1/51 HPs)
             Began as a Demonspawn Transmuter on Nov 24, 2016.
             Slain by a worker ant (3 damage)
             ... on level 6 of the Dungeon.
             The game lasted 00:12:43 (8029 turns).

stigmas the Insei (Demonspawn Transmuter)           Turns: 8029, Time: 00:12:45

Health: -1/51      AC:  9    Str:  8 (11) XL:     7   Next: 58%
Magic:  11/11      EV:  8    Int: 13 (16) God:
Gold:   120        SH:  0    Dex: 12 (13) Spells: 1 memorised, 11 levels left

rFire  . . .     SeeInvis .       - Unarmed
rCold  . . .     Gourm    .     i - +0 scale mail
rNeg   . . .     Faith    .     (no shield)
rPois  .         Spirit   .     (helmet restricted)
rElec  .         Reflect  .     B - +1 cloak
rCorr  .         Harm     .     (no gloves)
MR     .....                    w - +0 pair of boots
Stlth  ..........               (no amulet)
                                (no ring)
                                (no ring)

@: no status effects
A: horns 2, demonic guardian 2
a: no special abilities


You were on level 6 of the Dungeon.
You were very hungry.

You visited 1 branch of the dungeon, and saw 6 of its levels.

You collected 288 gold pieces.
You spent 168 gold pieces at shops.

Inventory:

Missiles
 a - 219 arrows
Armour
 f - a +0 leather armour
 i - a +0 scale mail (worn)
 w - a +0 pair of boots (worn)
 B - a +1 cloak (worn)
Wands
 A - a wand of teleportation (4/9)
Scrolls
 g - 4 scrolls of remove curse
 s - a scroll of magic mapping
Potions
 e - a potion of haste
 l - a potion of magic
 m - 3 potions of heal wounds
 x - a potion of curing
Books
 c - a book of Changes

   Spells                             Type                      Level
   a - Beastly Appendage              Transmutation                1
   b - Sticks to Snakes               Transmutation                2
   c - Spider Form                    Transmutation/Poison         3
   d - Ice Form                       Ice/Transmutation            4
   e - Blade Hands                    Transmutation                5
Comestibles
 d - 3 bread rations
 j - 2 beef jerkies
 k - 4 meat rations
 q - a royal jelly


   Skills:
 * Level 2.8 Fighting
 + Level 2.3 Armour
 + Level 2.5 Dodging
 * Level 6.1 Unarmed Combat
 * Level 3.1 Spellcasting
 * Level 2.9 Transmutations


You had 11 spell levels left.
You knew the following spells:

 Your Spells              Type           Power        Failure   Level  Hunger
a - Beastly Appendage     Tmut           #.....       71%         1    #......


Dungeon Overview and Level Annotations

Branches:
Dungeon (6/15)
 Temple: D:4-7

Altars:
Cheibriados
Gozag
Nemelex Xobeh
Ru
The Shining One

Shops:
D:5 *


Innate Abilities, Weirdness & Mutations

You have a pair of horns on your head.
A demonic guardian rushes to your aid.


Message History

A worker ant comes into view.
You see here an arrow.
You swap places.
The centaur shoots an arrow.
The arrow hits you.
* * * LOW HITPOINT WARNING * * *
Found a scroll of teleportation.
You see here an arrow.
The centaur unwields an uncursed shortbow.
The centaur hits you.
* * * LOW HITPOINT WARNING * * *
Found a potion of curing.
The centaur hits you!
* * * LOW HITPOINT WARNING * * *
Your orange demon stings the centaur from afar!
The centaur wields an uncursed shortbow.
The centaur shoots an arrow.
The arrow hits your orange demon.
You hit the centaur. You headbutt the centaur.
The centaur is almost dead.
Your orange demon barely misses the centaur.
The worker ant bites you.
You die...

#.............#
#....♣♣♣♣♣....#
###########(.....♣
....#
#<......^.#.)....♣
....#
#########.'.(♣♣♣♣♣
♣..+ ###.(((..♣
..# #...(..♣
#...4♣♣♣♣♣...
#....@.......
#.[..ca..?...
#.....?......
#######'##### ...
.... ...! ....


You could see a centaur, a worker ant and a friendly orange demon.

Vanquished Creatures
  A wyvern skeleton (D:3)
  A water moccasin zombie (D:5)
  A howler monkey (D:5)
  A crimson imp (D:5)
  3 hounds
  An orc wizard (D:4)
  5 worker ants
  An iguana (D:5)
  11 adders
  2 oozes
  3 worms
  2 dart slugs (D:1)
  6 orcs
  8 giant cockroaches
  9 goblins
  6 hobgoblins
  9 jackals
  3 quokkas
  9 bats
  8 frilled lizards
  A jackal skeleton (D:4)
  9 kobolds
  A leopard gecko skeleton (D:5)
  7 rats
108 creatures vanquished.

Vanquished Creatures (collateral kills)
  A phantom (D:5)
  An ogre (D:4)
  A crimson imp (D:5)
  A hound (D:5)
  A bullfrog skeleton (D:4)
  An iguana (D:4)
6 creatures vanquished.

Grand Total: 114 creatures vanquished

Notes
Turn   | Place    | Note
-------+----------+-------------------------------------------
     0 | D:1      | stigmas the Demonspawn Transmuter began the quest for the Orb.
     0 | D:1      | Reached XP level 1. HP: 15/15 MP: 3/3
   316 | D:1      | Reached skill level 3 in Unarmed Combat
   345 | D:1      | Gained mutation: A weak demonic guardian rushes to your aid. [demonic ancestry]
   345 | D:1      | Reached XP level 2. HP: 18/21 MP: 5/5
   836 | D:2      | You fall through a shaft!
   850 | D:3      | Gained mutation: You have a pair of small horns on your head. [demonic ancestry]
   850 | D:3      | Reached XP level 3. HP: 19/26 MP: 6/6
  1638 | D:2      | Found a sacrificial altar of Ru.
  1668 | D:2      | Found a faded altar of an unknown god.
  1771 | D:2      | Reached XP level 4. HP: 10/32 MP: 7/7
  2649 | D:2      | Reached skill level 4 in Unarmed Combat
  2687 | D:2      | Found a faded altar of an unknown god.
  2687 | D:2      | Found a faded altar of an unknown god.
  2693 | D:2      | Found a faded altar of an unknown god.
  2696 | D:2      | Found a faded altar of an unknown god.
  2699 | D:2      | Found a snail-covered altar of Cheibriados.
  2999 | D:3      | Found an opulent altar of Gozag.
  3413 | D:3      | Reached skill level 1 in Armour
  3413 | D:3      | Reached XP level 5. HP: 15/38 MP: 8/8
  3506 | D:3      | Found a glowing golden altar of the Shining One.
  3736 | D:3      | Found a sparkling altar of Nemelex Xobeh.
  4878 | D:4      | Gained mutation: A demonic guardian rushes to your aid. [demonic ancestry]
  4878 | D:4      | Reached XP level 6. HP: 32/46 MP: 9/9
  5988 | D:4      | Reached skill level 5 in Unarmed Combat
  6012 | D:5      | Entered Level 5 of the Dungeon
  6242 | D:5      | Reached XP level 7. HP: 36/51 MP: 11/11
  6822 | D:5      | Found Zouh's Assorted Antiques.
  6866 | D:5      | HP: 2/51 [phantom (8)]
  6870 | D:5      | Reached skill level 6 in Unarmed Combat
  6871 | D:5      | HP: 1/51 [poisoned by a worker ant]
  7492 | D:5      | Bought a cloak for 90 gold pieces
  7503 | D:5      | Gained mutation: You have a pair of horns on your head. [potion of beneficial mutation]
  7523 | D:5      | Bought a scroll labeled TINIFE BEOPHUISCH for 20 gold pieces
  7523 | D:5      | Bought a scroll labeled FUOBIRPHUINK for 20 gold pieces
  7523 | D:5      | Bought a green potion for 18 gold pieces
  7523 | D:5      | Bought a scroll labeled ANECYLIUCI for 20 gold pieces
  8028 | D:6      | HP: 2/51 [centaur (7)]
  8029 | D:6      | Slain by a worker ant

Skill      XL: |  1  2  3  4  5  6  7 |
---------------+----------------------+-----
Unarmed Combat | 3 4 5 6 |  6.1
Transmutations | 2 |  2.9
Dodging        | 2 |  2.5
Fighting       | 2 |  2.8
Armour         | 1 2 |  2.3
Spellcasting   | 3 |  3.1

Action                   |  1- 3 |  4- 6 |  7- 9 || total
-------------------------+-------+-------+-------++-------
Melee: Unarmed           |   145 |   294 |   132 ||   571
       Punch             |     1 |     6 |       ||     7
       Headbutt          |     8 |    31 |    18 ||    57
  Use: Potion            |     1 |     8 |     4 ||    13
       Scroll            |       |     4 |    11 ||    15
 Stab: Distracted        |     1 |     1 |       ||     2
  Eat: Chunk             |     3 |    10 |       ||    13
       Bread ration      |       |     1 |     1 ||     2
Armor: Scale mail        |    79 |    94 |    53 ||   226
       Leather armour    |     2 |    36 |       ||    38
Dodge: Dodged            |    89 |   157 |    81 ||   327
